 Dungeon Crawl Stone Soup version 0.26-a0-651-gb41185065b (webtiles) character file.

Game seed: 11411034996771033265

11 Lanoc the Digger (level 2, 0/19 HPs)
             Began as a Formicid Earth Elementalist on Oct 2, 2020.
             Slain by a hobgoblin
             ... wielding a cursed -1 club
              (5 damage)
             ... on level 1 of the Dungeon.
             The game lasted 00:01:11 (384 turns).

Lanoc the Digger (Formicid Earth Elementalist)       Turns: 384, Time: 00:01:11

Health: 0/19       AC:  2    Str: 12    XL:     2   Next: 40%
Magic:  0/5        EV: 12    Int: 14    God:
Gold:   13         SH:  0    Dex: 11    Spells: 4/5 levels left

rFire    . . .     SeeInvis +   (no weapon)
rCold    . . .     Faith    .   (no shield)
rNeg     . . .     Spirit   .   c - +0 robe
rPois    .         Reflect  .   (helmet unavailable)
rElec    .         Harm     .   (no cloak)
rCorr    .         Rampage  .   (no gloves)
MR       .....                  (no boots)
Stlth    ++........             (no amulet)
HPRegen  0.06/turn              (no ring)
MPRegen  0.09/turn              (no ring)

@: no status effects
A: permanent stasis, dig shafts and tunnels, four strong arms, antennae 3
a: Dig, Shaft Self


You were on level 1 of the Dungeon.
You visited 1 branch of the dungeon, and saw 1 of its levels.

You collected 13 gold pieces.

Inventory:

Missiles
 b - 17 stones (quivered)
Armour
 c - a +0 robe (worn)
Scrolls
 a - a scroll of amnesia {unknown}
 d - a scroll of identify {unknown}


   Skills:
 + Level 2.0 Dodging
 - Level 2.4 Stealth
 - Level 2.1 Spellcasting
   Level 1.1 Transmutations
 * Level 4.2 Earth Magic


You had 4 spell levels left.
You knew the following spells:

 Your Spells              Type           Power        Failure   Level
a - Sandblast             Erth           ##....       4%          1

Your spell library contained the following spells:

 Spells                   Type           Power        Failure   Level
 Passwall                 Tmut/Erth      #.......     12%         2
 Stone Arrow              Conj/Erth      #.....       28%         3
 Petrify                  Tmut/Erth      #.......     61%         4
 Lee's Rapid Deconstruct  Erth           ##........   75%         5


Dungeon Overview and Level Annotations

Branches:
Dungeon (1/15)

Altars:


Innate Abilities, Weirdness & Mutations

You cannot be hasted, slowed, berserked, paralysed or teleported.
You can dig through walls and to a lower floor.
Your four strong arms can wield two-handed weapons with a shield.
You have a pair of large antennae on your head. (SInv)


Message History

The blast of sand hits the kobold.
You kill the kobold!
b - 18 stones
Things that are here:
a +0 club; a hobgoblin corpse You hit the rat.
You kill the rat!
You barely miss the hobgoblin. You barely miss the hobgoblin.
The hobgoblin hits you with a cursed -1 club.
* * * LOW HITPOINT WARNING * * *
Casting: Sandblast (safe; 4% risk of failure)
Confirm with . or Enter, or press ? or * to list all spells.
Aiming: Sandblast (safe; 4% risk of failure)
Press: ? - help, Shift-Dir - straight line, f - hobgoblin
Aim: a hobgoblin, wielding a -1 club The blast of sand misses the hobgoblin.
b - 17 stones The hobgoblin hits you with a cursed -1 club.
You die...

... .... .... #..# # ...#
.##. ##..##.#..
####......... ♣♣♣♣♣
###Kg@......... ♣♣...♣♣
#...#........(# ...<..♣♣♣♣
#.###.#........
♣♣...♣.♣.♣♣#)##.[.........
♣♣♣♣♣♣.♣....#...#.......#
♣♣♣♣......##.......#
♣♣#.K####K.......
#.)##..(.......
#...#.#.#......


You could see a hobgoblin and a kobold.

Vanquished Creatures
  A bat (D:1)
  A goblin (D:1)
  4 hobgoblins (D:1)
  2 kobolds (D:1)
  2 rats (D:1)
10 creatures vanquished.

Notes
Turn   | Place    | Note
-------+----------+-------------------------------------------
     0 | D:1      | Lanoc the Formicid Earth Elementalist began the quest for
                  | the Orb.
     0 | D:1      | Reached XP level 1. HP: 13/13 MP: 3/3
   218 | D:1      | Reached skill level 4 in Earth Magic
   219 | D:1      | Reached XP level 2. HP: 18/19 MP: 1/5
   384 | D:1      | Slain by a hobgoblin

Illustrated notes

Levels and vault maps discovered:
D:1:      roderic_dead_forest, layout_rooms

Skill      XL: |  1 |
---------------+----+-----
Earth Magic    | 4 |  4.2
Dodging        | 2 |  2.0
Stealth        | |  2.4
Spellcasting   | |  2.1
Transmutations | |  1.1

Action                   || total
-------------------------++-------
Melee: Unarmed           ||    11
 Cast: Sandblast         ||    15
Dodge: Dodged            ||    18

Table legend: (Time is in decaauts)
 A = Elapsed time spent in this place.
 B = Non-inter-level travel time spent in this place.
 C = Inter-level travel time spent in this place.
 D = Time resting spent in this place.
 E = Time spent auto-exploring this place.
 F = Levels seen in this place.
 G = Mean time per level.
                   A        B        C        D        E       F      G
               +--------+--------+--------+--------+--------+-----+--------+
         Total |    384 |    384 |      0 |      0 |    296 |   1 |  384.0 |
       Dungeon |    384 |    384 |      0 |      0 |    296 |   1 |  384.0 |
               +--------+--------+--------+--------+--------+-----+--------+

Top non-repeatable levels by time:
     D:1: 384 daAuts
